 Dungeon Crawl Stone Soup version 0.20.1-1-g8b1a95d (webtiles) character file.

179 bobthegiant the Magician (level 5, -3/36 HPs)
             Began as a Demonspawn Wizard on Nov 18, 2017.
             Slain by an orc wizard
             ... wielding a +0 dagger
              (5 damage)
             ... on level 1 of the Dungeon.
             The game lasted 00:21:04 (4795 turns).

bobthegiant the Magician (Demonspawn Wizard)        Turns: 4795, Time: 00:21:04

Health: -3/36      AC:  6    Str:  7    XL:     5   Next: 32%
Magic:  1/11       EV: 12    Int: 20    God:
Gold:   139        SH:  0    Dex: 12    Spells: 3/12 levels left

rFire    . . .     SeeInvis .   v - -2 short sword (curse)
rCold    . . .     Gourm    .   (no shield)
rNeg     . . .     Faith    .   a - +0 robe
rPois    .         Spirit   .   m - +2 hat
rElec    .         Reflect  .   o - +0 cloak (curse)
rCorr    .         Harm     .   (no gloves)
MR       .....                  (no boots)
Stlth    ++........             (no amulet)
Regen    0.2/turn               (no ring)
MPRegen  0.2/turn               (no ring)

@: slowed, very slow
A: rugged brown scales 1, powered by pain 1
a: no special abilities


You were on level 1 of the Dungeon.
You were not hungry.

You visited 1 branch of the dungeon, and saw 4 of its levels.

You collected 139 gold pieces.

Inventory:

Hand Weapons
 e - a +0 dagger
 g - a +0 club
 r - a +0 flail
 v - a cursed -2 short sword (weapon)
Missiles
 f - 128 stones (quivered)
Armour
 a - a +0 robe (worn)
 b - a +0 hat
 m - a +2 hat (worn)
 o - a cursed +0 cloak (worn)
Scrolls
 h - 2 scrolls of teleportation
 i - a scroll of remove curse {unknown}
 j - a scroll of magic mapping {unknown}
 l - 2 scrolls of identify {unknown}
 p - a scroll of random uselessness {unknown}
 s - a scroll of recharging {unknown}
 t - a scroll of fear {unknown}
Potions
 k - 2 potions of might {unknown}
 n - a potion of lignification {unknown}
 q - 2 potions of mutation {unknown}
 w - a potion of degeneration {unknown}
Books
 c - a book of Minor Magic

   Spells                             Type                      Level
   a - Magic Dart                     Conjuration                  1
   b - Blink                          Translocation                2
   c - Call Imp                       Summoning                    2
   d - Slow                           Hexes                        2
   e - Conjure Flame                  Conjuration/Fire             3
   f - Mephitic Cloud                 Conjuration/Poison/Air       3
Comestibles
 d - 3 bread rations


   Skills:
 - Level 1.7 Dodging
 - Level 1.7 Stealth
 + Level 4.0 Spellcasting
 + Level 3.0 Conjurations
   Level 1.0 Summonings
 - Level 2.2 Translocations
 + Level 1.3 Air Magic


You had 3 spell levels left.
You knew the following spells:

 Your Spells              Type           Power        Failure   Level  Hunger
a - Magic Dart            Conj           ###.         3%          1    None
b - Blink                 Tloc           N/A          8%          2    #......
c - Mephitic Cloud        Conj/Pois/Air  #.......     22%         3    ###....
d - Conjure Flame         Conj/Fire      ##......     21%         3    ###....


Dungeon Overview and Level Annotations

Branches:
Dungeon (4/15)
 Temple: D:4-7

Altars:
Ru
Sif Muna

Annotations:
D:2 exclusion: downstairs


Innate Abilities, Weirdness & Mutations

You are partially covered in rugged brown scales. (AC +1, +3% HP)
You sometimes gain a little power by taking damage.


Message History

Press: ? - help, Shift-Dir - straight line, f - orc wizard
Aim: an orc wizard, wielding a dagger and wearing a robe (fast)
The magic dart hits the orc wizard.
The orc wizard is lightly wounded.
The orc wizard hits you with a dagger.
* * * LOW HITPOINT WARNING * * *
The orc wizard closely misses you.
An orc wizard is nearby!
You hit the orc wizard but do no damage.
The orc wizard is lightly wounded.
The orc wizard is no longer moving quickly.
The orc wizard misses you. x2
The orc wizard casts a spell.
The orc wizard seems to speed up.
You hit the orc wizard.
The orc wizard is moderately wounded.
The orc wizard hits you with a dagger.
* * * LOW HITPOINT WARNING * * *
The orc wizard hits you with a dagger.
You die...

#.# #.# #...# ##. ##.### #.#
#...# ##.. # #..#.#######
#.###...####..#
#####.....##...####............##
....#.##.###.#....#####..###.###.
#............#..§§# #..# #.##.8
.........#####....# #..# #.#...
....#.#..# #..).# #..# #.+...
......#..# #.<@o# #..# ###...
......#..# ####### #..# ##.8
......#..####.# #.#####..# ##.
.....>#...)..## ##.......# ##
......#.#####.###.######.# #
........# ##.#.## #.# ......###
##.## #.# .......##### #.# #.#
......≈....## #.# ####.########


You could see an orc wizard.

Vanquished Creatures
  A hound zombie (D:3)
  4 adders (D:2)
  4 gnolls
  An ooze (D:2)
  A worm (D:3)
  A dart slug (D:2)
  An orc (D:3)
  3 giant cockroaches (D:1)
  8 goblins
  8 hobgoblins
  18 jackals
  5 kobolds
  A quokka (D:2)
  8 bats
  A jackal zombie (D:3)
  A quokka zombie (D:3)
  8 rats
74 creatures vanquished.

Notes
Turn   | Place    | Note
-------+----------+-------------------------------------------
     0 | D:1      | bobthegiant the Demonspawn Wizard began the quest for the Orb.
     0 | D:1      | Reached XP level 1. HP: 13/13 MP: 4/4
   336 | D:1      | Gained mutation: You sometimes gain a little power by taking damage. [demonic ancestry]
   336 | D:1      | Reached XP level 2. HP: 19/19 MP: 3/6
   371 | D:1      | Learned a level 2 spell: Blink
   405 | D:1      | Reached skill level 1 in Translocations
  1074 | D:1      | Gained mutation: You are partially covered in rugged brown scales. (AC +1, +3% HP) [demonic ancestry]
  1074 | D:1      | Reached XP level 3. HP: 19/24 MP: 0/7
  2021 | D:2      | Learned a level 3 spell: Mephitic Cloud
  2025 | D:2      | Learned a level 3 spell: Conjure Flame
  2297 | D:2      | Reached XP level 4. HP: 30/30 MP: 6/9
  3445 | D:2      | Found a deep blue altar of Sif Muna.
  3636 | D:3      | Reached skill level 1 in Air Magic
  3859 | D:3      | Reached XP level 5. HP: 36/36 MP: 2/10
  4596 | D:3      | Reached skill level 4 in Spellcasting
  4757 | D:3      | Found a sacrificial altar of Ru.
  4795 | D:1      | Slain by an orc wizard

Skill      XL: |  1  2  3  4  5 |
---------------+----------------+-----
Translocations | 1 2 |  2.2
Conjurations   | 2 3 |  3.0
Air Magic      | 1 |  1.3
Spellcasting   | 4 |  4.0
Dodging        | |  1.7
Stealth        | |  1.7
Summonings     | |  1.0

Action                   |  1- 3 |  4- 6 || total
-------------------------+-------+-------++-------
Melee: Unarmed           |    24 |       ||    24
       Club              |    60 |    36 ||    96
       Flail             |       |    29 ||    29
       Short sword       |       |     2 ||     2
 Cast: Magic Dart        |    81 |    90 ||   171
       Blink             |     2 |     3 ||     5
       Conjure Flame     |     1 |     1 ||     2
       Mephitic Cloud    |       |     4 ||     4
  Use: Potion            |       |     1 ||     1
       Scroll            |       |     1 ||     1
  Eat: Chunk             |     4 |     9 ||    13
Armor: Robe              |    43 |    63 ||   106
Dodge: Dodged            |    96 |   142 ||   238
